 Dungeon Crawl Stone Soup version 0.29.1-15-g9cfb28693d (webtiles) character file.

Game seed: 12640881996624125807

612253 Cauliflower the Phalangite (level 27, -2/200 HPs)
             Began as a Gnoll Transmuter on Apr 22, 2023.
             Was a High Priest of Ashenzari.
             Slain by an azure jelly (10 damage)
             ... created by the Royal Jelly
             ... on level 5 of the Pits of Slime on May 10, 2023.
             The game lasted 06:32:46 (76281 turns).

Cauliflower the Phalangite (Gnoll Transmuter)      Turns: 76281, Time: 06:32:47

Health: -2/200     AC:  9    Str: 22    XL:     27
Magic:  33/51      EV: 35    Int: 19    God:    Ashenzari [*****.]
Gold:   3270       SH:  0    Dex: 20    Spells: 0/66 levels left

rFire   + . .      SeeInvis +     - Unarmed
rCold   + . .      Faith    .   (shield currently unavailable)
rNeg    + + .      Spirit   .   (body armour currently unavailable)
rPois   ∞          Reflect  .   (helmet currently unavailable)
rElec   +          Harm     .   (cloak currently unavailable)
rCorr   .          Rampage  .   (gloves currently unavailable)
Will    ++++.      Clarity  +   (boots currently unavailable)
Stlth   ++++++++..              O - amulet of the Tethered Moon {Will+ Regen+, Fort, Alch} (curse)
HPRegen 1.23/turn               I - ring of the Tethered Ordeal {Fly rC+ rN+ AC+4, Fort, Bglg} (curse)
MPRegen 0.32/turn               P - ring of Cremastomancy {rF+ rN+ Will+ Str+6 Dex+4, Alch, Fort} (curse)

@: storm-form, death channelling, corroded, blinkbolt cooldown, flying, studying
2 skills
A: cleaving, insubstantial, flying, (fangs 1), strong nose, distributed
training, (cold resistance 1), frail 1, high MP 1, strong 1
}: 3/15 runes: decaying, silver, gossamer
a: Blinkbolt, End Transformation, Renounce Religion, Curse Item, Shatter the
Chains


You were on level 5 of the Pits of Slime.
You worshipped Ashenzari.
Ashenzari was extremely pleased with you.
You were a lightning-filled tempest!
You visited 11 branches of the dungeon, and saw 51 of its levels.
You visited 2 bazaars.
You visited 1 ziggurat, and saw 12 of its levels.
You also visited: Ice Cave and Wizlab.

You collected 10369 gold pieces.
You spent 7099 gold pieces at shops.

Inventory:

Hand Weapons
 a - the cursed +8 arc blade (melded) {discharge, rElec, Melee, Self}
   (You bought it in a shop in a bazaar)

   It occasionally unleashes powerful arcs of lightning upon striking a foe.
   These may arc to other adjacent creatures (including the wielder, but dealing
   reduced damage to them) before grounding out.
   rElec:     It insulates you from electricity.
   It has a curse which improves the following skills: Melee Combat: Short
   Blades, Long Blades, Axes, Maces & Flails, Polearms, Staves and Unarmed
   Combat.
   Introspection: Fighting and Spellcasting.
Missiles
 d - 17 atropa-tipped darts
 g - 63 poisoned darts
 L - 8 silver javelins
 N - 2 datura-tipped darts
Armour
 C - a +5 kite shield of reflection (melded)
 D - the cursed +2 pair of gloves "Lashed Awkwardness" (melded) {hurl, Self, Elem}
   (You found it on level 1 of the Vaults)

   It has a curse which improves the following skills: Introspection: Fighting
   and Spellcasting.
   Elements:  Fire Magic, Ice Magic, Air Magic and Earth Magic.
 E - the cursed +0 cloak "Perceptive Portent" (melded) {rPois, Cun, Melee}
   (You found it on level 9 of the Dungeon)

   It has a curse which improves the following skills: Cunning: Dodging and
   Stealth.
   Melee Combat: Short Blades, Long Blades, Axes, Maces & Flails, Polearms,
   Staves and Unarmed Combat.
 S - the cursed quicksilver dragon scales of Ashenzari's Stickiness (melded) {Will+, Range, Self}
   (You found it on level 1 of the Lair of Beasts)

   Will:      It increases your willpower.
   It has a curse which improves the following skills: Ranged Combat: Ranged
   Weapons and Throwing.
   Introspection: Fighting and Spellcasting.
 W - the cursed +2 helmet of the Eye in the Sky (melded) {rF+, Self, Elem}
   (You found it on level 3 of the Elven Halls)

   rF:        It protects you from fire.
   It has a curse which improves the following skills: Introspection: Fighting
   and Spellcasting.
   Elements:  Fire Magic, Ice Magic, Air Magic and Earth Magic.
 X - the cursed +0 pair of boots "Overhang to Understand" (melded) {Self, Alch}
   (You found it on level 11 of the Dungeon)

   It has a curse which improves the following skills: Introspection: Fighting
   and Spellcasting.
   Alchemy:   Poison Magic and Transmutations.
Jewellery
 s - the ring "Nelaegoff" {rC+ Will+ Str+6 Int+2}
   (You found it on level 3 of the Crypt)

   [ring of strength]

   Str:       It affects your strength (+6).
   Int:       It affects your intelligence (+2).
   rC:        It protects you from cold.
   Will:      It increases your willpower.
 v - the ring of Light {rElec rCorr Str+6 Int+7}
   (You found it on level 2 of the Depths)

   [ring of strength]

   Str:       It affects your strength (+6).
   Int:       It affects your intelligence (+7).
   rElec:     It insulates you from electricity.
   rCorr:     It protects you from acid and corrosion.
 F - the ring of Shadows {Umbra +Inv Stlth+}
   (You found it on level 7 of a ziggurat)

   [ring of stealth]

   It surrounds you with an aura of shadow, increasing your stealth and reducing
   the accuracy of all others within it.
   +Inv:      It lets you turn invisible.
   Stlth:     It makes you more stealthy.
 I - the cursed ring of the Tethered Ordeal (left fist) {Fly rC+ rN+ AC+4, Fort, Bglg}
   (You found it in an ice cave)

   [ring of protection]

   AC:        It affects your AC (+4).
   rC:        It protects you from cold.
   rN:        It protects you from negative energy.
   Fly:       It grants you flight.
   It has a curse which improves the following skills: Fortitude: Armour and
   Shields.
   Beguiling: Conjurations, Hexes and Translocations.
 O - the cursed amulet of the Tethered Moon (around neck) {Will+ Regen+, Fort, Alch}
   (You found it on level 14 of the Dungeon)

   [amulet of regeneration]

   Regen:     It increases your rate of health regeneration.
   Will:      It increases your willpower.
   It has a curse which improves the following skills: Fortitude: Armour and
   Shields.
   Alchemy:   Poison Magic and Transmutations.
 P - the cursed ring of Cremastomancy (right fist) {rF+ rN+ Will+ Str+6 Dex+4, Alch, Fort}
   (You found it on level 3 of the Elven Halls)

   [ring of strength]

   Str:       It affects your strength (+6).
   Dex:       It affects your dexterity (+4).
   rF:        It protects you from fire.
   rN:        It protects you from negative energy.
   Will:      It increases your willpower.
   It has a curse which improves the following skills: Alchemy: Poison Magic and
   Transmutations.
   Fortitude: Armour and Shields.
 R - the necklace of Bloodlust {*Rage Will++ Int-3 Slay+6}
   (You found it on level 5 of a ziggurat)

   [amulet of nothing]

   It extends the wearer's berserk rage when killing foes.
   Int:       It affects your intelligence (-3).
   Slay:      It affects your accuracy & damage with ranged weapons and melee
   (+6).
   *Rage:     It berserks you when you make melee attacks (+50% chance).
   Will:      It greatly increases your willpower.
Wands
 b - a wand of digging (21)
 q - a wand of mindburst (47)
 u - a wand of polymorph (51)
 y - a wand of paralysis (53)
 B - a wand of flame (98)
 G - a wand of roots (17)
 V - a wand of acid (16)
Scrolls
 c - 16 scrolls of fog
 f - 7 scrolls of fear
 h - 27 scrolls of teleportation
 j - 2 scrolls of summoning
 k - 3 scrolls of silence
 l - 7 scrolls of magic mapping
 r - 8 scrolls of immolation
 A - 5 scrolls of poison
 Q - 7 scrolls of blinking
Potions
 i - 16 potions of heal wounds
 n - 31 potions of curing
 o - 14 potions of mutation
 p - 7 potions of magic
 t - 5 potions of lignification
 w - 9 potions of might
 x - 11 potions of haste
 z - 13 potions of attraction
 H - 6 potions of resistance
 J - 3 potions of invisibility
 K - 7 potions of cancellation
 T - a potion of berserk rage
 U - 10 potions of ambrosia
 Z - 6 potions of brilliance
Miscellaneous
 e - a box of beasts
 m - a phial of floods
 M - a phantom mirror
 Y - a piece from Xom's chessboard (15/15)


   Skills:
 + Level 19.7 Fighting
 + Level 19.5 Short Blades
 + Level 19.5 Long Blades
 + Level 19.5 Axes
 + Level 19.5 Maces & Flails
 + Level 22.5 Polearms
 + Level 20.9 Staves
 + Level 19.5 Ranged Weapons
 + Level 19.5 Throwing
 + Level 19.5(23.7) Armour
 + Level 20.0 Dodging
 + Level 19.5 Stealth
 + Level 19.5(23.7) Shields
 + Level 20.4 Unarmed Combat
 + Level 20.1 Spellcasting
 + Level 16.7(18.8) Conjurations
 + Level 16.7(18.8) Hexes
 + Level 16.7 Summonings
 + Level 16.7 Necromancy
 + Level 16.7(18.8) Translocations
 + Level 17.1(20.3) Transmutations
 + Level 16.7 Fire Magic
 + Level 16.7 Ice Magic
 + Level 16.7 Air Magic
 + Level 16.7 Earth Magic
 + Level 16.7(20.0) Poison Magic
 + Level 21.1 Invocations
 + Level 19.5 Evocations


You couldn't memorise any spells.
You knew the following spells:

 Your Spells              Type           Power      Damage    Failure   Level
a - Beastly Appendage     Tmut           100%       N/A       0%          1
b - Wereblood             Tmut           77%        N/A       0%          2
c - Spider Form           Tmut/Pois      77%        N/A       0%          3
d - Ice Form              Ice/Tmut       74%        N/A       0%          4
e - Sticky Flame          Conj/Fire      72%        2d9       1%          4
f - Dispel Undead         Necr           70%        3d24      1%          4
g - Teleport Other        Tloc           74%        N/A       0%          3
h - Mephitic Cloud        Conj/Pois/Air  74%        N/A       0%          3
i - Ignite Poison         Fire/Tmut/Pois 74%        N/A       0%          3
j - Statue Form           Tmut/Erth      49%        N/A       1%          6
k - Freezing Cloud        Conj/Ice/Air   35%        6-21      1%          5
l - Passwall              Tmut/Erth      61%        N/A       0%          2
m - Lightning Bolt        Conj/Air       36%        1d54      1%          5
n - Lee's Rapid Deconstr  Erth           35%        3d19*     1%          5
o - Yara's Violent Unrav  Hex/Tmut       38%        3d15      1%          5
p - Death Channel         Necr           35%        N/A       1%          6
q - Blink                 Tloc           100%       N/A       0%          2
r - Storm Form            Tmut/Air       37%        N/A       1%          7
s - Petrify               Tmut/Erth      74%        N/A       0%          4

Your spell library contained the following spells:

 Spells                   Type           Power      Damage    Failure   Level
 Apportation              Tloc           100%       N/A       0%          1
 Foxfire                  Conj/Fire      100%       2x1d9     0%          1
 Necrotise                Necr           100%       1d9       0%          1
 Sandblast                Erth           100%       2d20      0%          1
 Shock                    Conj/Air       100%       1d9       0%          1
 Summon Small Mammal      Summ           100%       N/A       0%          1
 Ensorcelled Hibernation  Hex/Ice        100%       N/A       0%          2
 Scorch                   Fire           100%       2d10      0%          2
 Static Discharge         Conj/Air       72%        3-12/arc  0%          2
 Sublimation of Blood     Necr           70%        N/A       0%          2
 Call Canine Familiar     Summ           70%        N/A       0%          3
 Conjure Flame            Conj/Fire      72%        6-21      0%          3
 Dazzling Flash           Conj/Hex       100%       N/A       0%          3
 Frozen Ramparts          Ice            100%       1d16      0%          3
 Gell's Gravitas          Tloc           74%        N/A       0%          3
 Lesser Beckoning         Tloc           74%        N/A       0%          3
 Ozocubu's Armour         Ice            70%        N/A       0%          3
 Portal Projectile        Hex/Tloc       100%       N/A       0%          3
 Stone Arrow              Conj/Erth      100%       3d13      0%          3
 Summon Guardian Golem    Hex/Summ       72%        N/A       0%          3
 Swiftness                Air            70%        N/A       0%          3
 Vampiric Draining        Necr           70%        2d11      0%          3
 Cause Fear               Hex            37%        N/A       0%          4
 Fulminant Prism          Conj/Hex       37%        3d18      0%          4
 Iskenderun's Mystic Bla  Conj/Tloc      74%        2d15      0%          4
 Olgreb's Toxic Radiance  Pois           76%        N/A       0%          4
 Passage of Golubria      Tloc           74%        N/A       0%          4
 Airstrike                Air            35%        2d(5-21)  1%          4
 Anguish                  Hex/Necr       36%        N/A       1%          4
 Animate Armour           Summ/Erth      100%       N/A       1%          4
 Animate Dead             Necr           70%        N/A       1%          4
 Leda's Liquefaction      Hex/Erth       36%        N/A       1%          4
 Summon Ice Beast         Ice/Summ       70%        N/A       1%          4
 Summon Lightning Spire   Summ/Air       70%        N/A       1%          4
 Agony                    Necr           70%        N/A       1%          5
 Alistair's Intoxication  Tmut/Pois      51%        N/A       1%          5
 Blade Hands              Tmut           38%        N/A       1%          5
 Borgnjor's Vile Clutch   Necr/Erth      35%        N/A       1%          5
 Fireball                 Conj/Fire      36%        3d15      1%          5
 Irradiate                Conj/Tmut      38%        3d24      1%          5
 Iskenderun's Battlesphe  Conj           74%        2d12      1%          5
 Manifold Assault         Tloc           74%        N/A       1%          5
 Metabolic Englaciation   Hex/Ice        36%        N/A       1%          5
 Silence                  Hex/Air        36%        N/A       1%          5
 Summon Mana Viper        Hex/Summ       72%        N/A       1%          5
 Conjure Ball Lightning   Conj/Air       36%        3x3d12    1%          6
 Dispersal                Tloc           37%        N/A       1%          6
 Eringya's Noxious Bog    Tmut/Pois      38%        N/A       1%          6
 Iron Shot                Conj/Erth      36%        9d7       1%          6
 Starburst                Conj/Fire      36%        6d11      1%          6
 Dragon Form              Tmut           38%        N/A       1%          7
 Enfeeble                 Hex            37%        N/A       1%          7
 Malign Gateway           Summ/Tloc      36%        N/A       1%          7
 Spellforged Servitor     Conj/Summ      36%        N/A       1%          7
 Haunt                    Necr/Summ      35%        N/A       2%          7
 Monstrous Menagerie      Summ           35%        N/A       2%          7
 Ozocubu's Refrigeration  Ice            35%        4d15      2%          7
 Discord                  Hex            37%        N/A       8%          8
 Disjunction              Tloc           37%        N/A       8%          8
 Necromutation            Tmut/Necr      37%        N/A       9%          8
 Lehudib's Crystal Spear  Conj/Erth      36%        10d9      12%         8
 Borgnjor's Revivificati  Necr           35%        N/A       19%         8
 Ignition                 Fire           35%        3d11      19%         8
 Dragon's Call            Summ           35%        N/A       96%         9


Dungeon Overview and Level Annotations

Branches:
Dungeon (15/15)            Temple (1/1) D:4            Lair (5/5) D:8
  Swamp (4/4) Lair:3       Spider (4/4) Lair:2        Slime (5/5) Lair:4
    Orc (2/2) D:9             Elf (3/3) Orc:2        Vaults (5/5) D:13
  Crypt (3/3) Vaults:2       Tomb (0/3) Crypt:3      Depths (4/4) D:15
    Zot (0/5) Depths:4      IceCv (visited)          WizLab (visited)

Altars:
Ashenzari
Cheibriados
Dithmenos
Elyvilon
Fedhas
Gozag
Hepliaklqana
Kikubaaqudgha
Makhleb
Nemelex Xobeh
Okawaru
Qazlal
Ru
Sif Muna
Trog
Uskayaw
Vehumet
Wu Jian
Xom
Yredelemnul
Zin
The Shining One
Jiyva
Lugonu

Shops:
D:12 =?(*   D:15 [   Orc:2 (([?   Elf:2 *   Vaults:1 [   Vaults:2 [
Vaults:5 [!??!=!   Depths:2 :=:

Portals:
Hell: Depths:1 Depths:2 Depths:3 Depths:4
Abyss: Depths:1 Depths:3 Depths:4
Pandemonium: Depths:1 Depths:2

Annotations:
Swamp:2 2 transporters, Gabide's ghost, adept DjWn
Slime:5 Royal Jelly


Innate Abilities, Weirdness & Mutations

You are a lightning-filled tempest!
Your electrical attacks strike out in all directions at once.
You are incredibly evasive.
Your insubstantial body is immune to petrification, constriction, and being set on fire You are flying.
You are immune to poison.
Your armour is entirely melded.
You are incapable of wielding weapons or throwing items.
((You have very sharp teeth.))
Your uncanny sense of smell can sniff out nearby items.
Your experience applies equally to all skills.
((Your flesh is cold resistant. (rC+)))
You are frail. (-10% HP)
You have an increased reservoir of magic. (+10% MP)
Your muscles are strong. (Str +4, Int/Dex -1)


Message History

You kill the acid blob!
That felt strangely unrewarding.
You batter the azure jelly!! The Royal Jelly hits you!!!
* * * LOW HITPOINT WARNING * * *
You are splashed with acid!
* * * LOW HITPOINT WARNING * * *
The Royal Jelly misses you. The azure jelly misses you. x2
The azure jelly completely misses you. The azure jelly hits you.
* * * LOW HITPOINT WARNING * * *
The azure jelly completely misses you. x2; The azure jelly hits you.
* * * LOW HITPOINT WARNING * * *
The azure jelly completely misses you.
Aiming: Blinkbolt
Press: ? - help, Dir - move target You see nothing there to target!
Aiming: Blinkbolt
Press: ? - help, Dir - move target, f - great orb of eyes
Aim: a great orb of eyes (99% to hit)
The shock of your passage hits the azure jelly!!
The azure jelly is heavily wounded.
The shock of your passage hits the great orb of eyes!
The great orb of eyes is lightly wounded.
You blink.
You are engulfed in freezing vapours.
You resist.
* * * LOW HITPOINT WARNING * * *
The azure jelly completely misses you. The azure jelly barely misses you.
The azure jelly completely misses you. x2; The great orb of eyes bites you.
* * * LOW HITPOINT WARNING * * *
The azure jelly misses you. The azure jelly completely misses you.
The azure jelly closely misses you. The azure jelly completely misses you.
The azure jelly attacks as you move away!
The azure jelly closely misses you. The azure jelly hits you.
* * * LOW HITPOINT WARNING * * *
The azure jelly freezes you!! You resist.
* * * LOW HITPOINT WARNING * * *
The azure jelly hits you.
* * * LOW HITPOINT WARNING * * *
The azure jelly misses you. The azure jelly hits you.
* * * LOW HITPOINT WARNING * * *
The azure jelly freezes you! You resist.
You die...

#####................
#.#..................
##....................
##.....................
##......................
*..........J.............
#........J..............
........JJJ.............
*.......v§§§.............
**.......G§§§........##...
***,........§§§......#####.#
*.#............§.....##∆**..
##.........§☼§......##∆∆ *,
#..........§§§.....##∆∆, *,,
##...............###∆∆ , **
*
**#................#**∆,,,*
* *................... *, ,


You could see the Royal Jelly, an acid blob, 3 azure jellies and a great orb of
eyes.

Vanquished Creatures
  Dissolution (Slime:4)
  A dread lich (Crypt:3)
  An ancient lich (Vaults:5)
  Mara (Vaults:5)
  Sojobo (Depths:1)
  A royal mummy (Zig:4)
  Bai Suzhen (Vaults:4)
  Margery (Vaults:5)
  A profane servitor (Crypt:3)
  6 golden dragons
  2 bone dragons
  A shard shrike zombie (Crypt:1)
  An electric golem (WizLab)
  4 tentacled monstrosities
  Rupert (D:13)
  Jorgrun (D:13)
  4 deep elf master archers (Elf:3)
  A walking earthen tome (Depths:2)
  5 quicksilver dragons
  5 deep elf blademasters (Elf:3)
  4 liches
  A titan (Vaults:5)
  23 acid blobs
  14 ancient champions
  6 sphinxes
  Kirke (D:14)
  A thorn hunter (Swamp:2)
  4 shadow dragons
  6 rockslimes
  Donald (Crypt:2)
  9 storm dragons
  10 tengu reavers
  Agnes (Spider:4)
  7 azure jellies
  Roxanne (D:15)
  3 revenants
  A draconian monk (Zig:9)
  A fenstrider witch (Swamp:4)
  2 daevas
  2 draconian knights
  7 fire giants
  7 frost giants
  An emperor scorpion (Spider:4)
  4 deep elf sorcerers
  3 iron dragons
  A caustic shrike zombie (Crypt:2)
  3 draconian scorchers (Zig:9)
  4 ghost moths
  2 orc warlords (Orc:2)
  3 angels (Zig:5)
  3 spectral caustic shrikes (Depths:2)
  21 vault wardens
  5 curse skulls
  2 draconian stormcallers
  A draconian annihilator (Depths:4)
  Louise (Depths:4)
  12 ghouls
  A juggernaut zombie (Zig:4)
  10 quicksilver oozes
  8 war gargoyles
  20 ironbound preservers
  2 spriggan defenders (Depths:2)
  3 deep elf elementalists (Elf:3)
  A reaper (Zig:12)
  36 very ugly things
  13 stone giants
  An ophan (Zig:5)
  10 broodmothers
  13 ironbound thunderhulks
  3 green draconians
  5 deep elf demonologists
  4 yellow draconians
  5 eleionomae
  2 white draconians
  14 vampire knights
  11 dire elephants
  A red draconian (Depths:4)
  10 deep elf annihilators
  10 entropy weavers
  10 spark wasps
  7 bunyips
  A purple draconian (Zig:9)
  10 ettins
  A green death (Depths:2)
  The ghost of LaMa the Grappler, a journeyman TrMo of Makhleb (D:11)
  14 deep elf death magi
  4 eidola
  A merfolk javelineer (Depths:4)
  7 mummy priests
  14 yaktaur captains
  4 fire dragons
  A blizzard demon (Depths:1)
  13 jiangshi
  2 shambling mangroves
  An elf skeleton (Crypt:1)
  4 rakshasas
  6 deep elf high priests
  4 great orbs of eyes
  12 ice dragons
  4 boulder beetles
  2 ghost crabs
  A hydra (shapeshifter) (Vaults:5)
  The ghost of Zippel the Skirmisher, a journeyman KoAr of Gozag (Orc:2)
  An ogre mage (Vaults:1)
  33 hydras
  7 peacekeepers (WizLab)
  36 vault guards
  2 spriggan skeletons
  An anaconda (shapeshifter) (Depths:3)
  A jorogumo (Spider:3)
  4 spriggan air magi
  Erica (Orc:1)
  3 death knights
  7 two-headed ogres
  6 ironbound frosthearts
  2 death scarabs
  5 radroaches
  9 death yaks
  13 centaur warriors
  30 dancing weapons
  11 tengu warriors
  2 naga sharpshooters (Zig:10)
  14 deep troll earth magi
  12 alligators
  6 deep troll shamans
  A thrashing horror (Zig:3)
  2 titan zombies
  Urug (Lair:3)
  3 spriggan berserkers (Depths:2)
  18 deep elf knights
  4 vampire magi
  6 orc high priests
  4 soul eaters
  10 spriggans
  A storm dragon zombie (Crypt:1)
  14 hell knights
  A cherub (Zig:5)
  A fire crab (Lair:4)
  2 shadow wraiths (Crypt:3)
  28 skeletal warriors
  4 steelbarb worms
  5 goliath frogs
  7 iron trolls
  5 glowing orange brains
  Lodul (D:11)
  5 pharaoh ants
  69 deep trolls
  3 orange crystal statues
  3 death drakes
  8 deep elf archers
  A steelbarb worm (shapeshifter) (Vaults:5)
  A sun moth (Spider:4)
  A bunyip zombie (Crypt:3)
  10 orb spiders
  An orb spider (shapeshifter) (Vaults:1)
  An anaconda zombie (Crypt:3)
  An obsidian statue (Zig:12)
  3 spriggan druids
  A tengu zombie (Crypt:2)
  7 flayed ghosts
  13 swamp dragons
  A bunyip skeleton (Crypt:2)
  15 bog bodies
  A spriggan simulacrum (Crypt:1)
  16 ironbound convokers
  12 lindwurms
  16 deep elf pyromancers
  10 orc knights
  A lindwurm (shapeshifter) (Vaults:4)
  12 wizards
  A harpy (shapeshifter) (D:14)
  21 phantasmal warriors
  A draconian zombie (Crypt:1)
  13 necromancers
  A wolf spider zombie (Crypt:3)
  25 deep elf zephyrmancers
  95 slime creatures
  6 orc sorcerers
  28 wolf spiders
  7 shining eyes
  A stone giant zombie (Crypt:2)
  A fire giant zombie (Vaults:2)
  47 ugly things
  A mana viper (Zig:10)
  2 fauns (shapeshifter)
  4 manticores
  7 cyclopes
  6 salamanders (WizLab)
  An orc zombie (Crypt:1)
  A guardian serpent (shapeshifter) (D:15)
  4 moths of wrath
  A fire giant skeleton (Vaults:4)
  2 stone giant skeletons
  A guardian serpent (Zig:10)
  3 rust devils
  4 eyes of devastation
  A naga mage (Zig:10)
  9 black mambas
  2 ice statues (Zig:12)
  2 smoke demons
  An alligator snapping turtle zombie (Crypt:1)
  2 molten gargoyles (WizLab)
  A titan simulacrum (Crypt:2)
  18 vault sentinels
  2 centaur skeletons
  2 centaur zombies
  9 gargoyles
  11 torpor snails
  3 storm dragon simulacra
  19 cane toads
  A naga skeleton (Crypt:2)
  A komodo dragon (shapeshifter) (Vaults:5)
  A minotaur zombie (Crypt:3)
  3 rime drakes
  A death yak zombie (Crypt:2)
  37 yaktaurs
  A yaktaur (shapeshifter) (D:13)
  14 freezing wraiths
  An anaconda simulacrum (Crypt:3)
  An alligator snapping turtle skeleton (Crypt:2)
  6 tengu conjurers
  A yaktaur skeleton (Vaults:4)
  12 demonic crawlers
  An ice devil (Depths:2)
  6 guardian mummies
  A red devil (Depths:2)
  12 trolls
  10 komodo dragons
  2 meliai (Spider:4)
  A merfolk (shapeshifter) (Depths:3)
  7 golden dragon simulacra (IceCv)
  A death drake zombie (Crypt:1)
  36 tarantellas
  A wind drake (Zig:11)
  A tarantella (shapeshifter) (D:14)
  A guardian serpent zombie (Crypt:2)
  11 hornets
  A shadow dragon simulacrum (Crypt:3)
  15 blink frogs
  A bloated husk (Swamp:1)
  A harpy skeleton (Crypt:3)
  2 ettin zombies
  A merfolk zombie (Crypt:3)
  12 tyrant leeches
  7 dream sheep
  A slime creature (shapeshifter) (Depths:3)
  A fire dragon zombie (Crypt:1)
  A jumping spider (shapeshifter) (Elf:3)
  22 jumping spiders
  3 stone giant simulacra
  An ettin skeleton (Crypt:2)
  5 shadows
  5 starcursed masses (Zig:3)
  2 air elementals
  A vampire (D:12)
  A culicivora (shapeshifter) (Vaults:5)
  6 water elementals
  An alligator skeleton (Crypt:1)
  3 fire elementals
  A human (D:9)
  38 yaks
  10 wraiths
  11 wyverns
  29 culicivoras
  2 hogs
  2 ushabtiu (Crypt:3)
  A ynoxinul (Zig:3)
  A dire elephant simulacrum (Crypt:1)
  7 basilisks
  A steam dragon (Lair:2)
  20 vampire mosquitoes
  A chaos spawn (Depths:1)
  Grum (D:8)
  2 neqoxecs (Depths:1)
  54 redbacks
  16 swamp worms
  A naga zombie (Crypt:2)
  A deep troll zombie (Crypt:2)
  4 wargs
  A harpy simulacrum (Crypt:1)
  5 acid dragons
  20 water moccasins
  4 floating eyes
  39 orc warriors
  11 swamp drakes
  3 ice beasts
  6 ice dragon simulacra
  A lindwurm zombie (Crypt:2)
  2 black bears
  An elephant zombie (Crypt:2)
  2 sky beasts
  A snapping turtle zombie (Crypt:1)
  An elephant skeleton (Crypt:3)
  24 ogres
  A black mamba simulacrum (Crypt:2)
  A blink frog zombie (Crypt:3)
  An ettin simulacrum (Vaults:4)
  3 boggarts (Vaults:3)
  29 wolves
  11 centaurs
  A kobold brigand (D:7)
  An elf zombie (Crypt:3)
  19 bullfrogs
  10 necrophages
  A salamander zombie (Crypt:2)
  A gnoll sergeant (D:10)
  A scorpion (D:7)
  2 earth elementals (WizLab)
  A glowing shapeshifter simulacrum (Vaults:4)
  11 wights
  7 lindwurm simulacra (IceCv)
  6 killer bees (D:9)
  2 electric eels
  4 howler monkeys
  3 hounds
  3 human zombies
  6 jellies
  28 orc priests
  2 gnoll boudas
  7 iguanas
  14 orc wizards
  Ijyb (D:3)
  2 lightning spires (WizLab)
  An ogre zombie (Crypt:1)
  A deep dwarf skeleton (Crypt:1)
  5 mummies
  5 adders
  10 gnolls
  A swamp drake zombie (Crypt:3)
  A swamp drake skeleton (Crypt:3)
  4 white imps
  3 ufetubi
  3 worms
  A worm (shapeshifter) (Vaults:5)
  6 dart slugs
  71 orcs
  6 bats
  7 endoplasms
  2 giant cockroaches (D:1)
  12 hobgoblins
  4 jackals
  2 quokkas
  7 ball pythons
  A dart slug zombie (Crypt:2)
  4 frilled lizards
  A giant cockroach zombie (Crypt:1)
  9 goblins
  A goblin zombie (D:9)
  16 kobolds
  A kobold skeleton (Crypt:2)
  A kobold zombie (D:9)
  6 rats
  A river rat skeleton (Crypt:1)
2388 creatures vanquished.

Vanquished Creatures (collateral kills)
  A caustic shrike (Depths:2)
  A tentacled monstrosity (Vaults:5)
  A lich (Vaults:3)
  3 acid blobs
  A shadow dragon (Depths:2)
  3 rockslimes
  2 vault wardens (Vaults:5)
  An iron dragon (Depths:2)
  A ghost moth (Zig:7)
  A war gargoyle (Vaults:5)
  6 very ugly things
  4 ironbound preservers
  2 ironbound thunderhulks
  A stone giant (Vaults:4)
  A quicksilver ooze (Slime:5)
  2 dire elephants (Vaults:4)
  A jiangshi (Depths:1)
  3 great orbs of eyes
  A yaktaur captain (Vaults:4)
  4 vault guards (Vaults:5)
  An ice dragon (Depths:3)
  An ironbound frostheart (Vaults:4)
  5 salamander tyrants (Zig:10)
  An anaconda (Zig:10)
  5 hell knights
  2 iron trolls (Depths:1)
  2 orb spiders (Zig:7)
  6 deep trolls
  2 ironbound convokers (Vaults:3)
  A glowing orange brain (Slime:2)
  A necromancer (Depths:1)
  A wolf spider (Zig:7)
  A mana viper (Zig:10)
  2 shining eyes
  A naga mage (Zig:10)
  2 vault sentinels (Vaults:3)
  2 black mambas (Zig:10)
  An eye of devastation (Slime:3)
  A rime drake (Zig:11)
  6 yaktaurs
  A dream sheep (shapeshifter) (Depths:2)
  8 slime creatures
  A hornet (Depths:2)
  A golden eye (Slime:5)
95 creatures vanquished.

Vanquished Creatures (others)
  A yaktaur captain (Vaults:5)
  An ogre mage (Vaults:5)
  A deep elf knight (Elf:2)
  A shadow wraith (Crypt:3)
  A swamp dragon (Swamp:4)
  A lindwurm (Swamp:4)
  A black mamba (Zig:10)
  2 bloated husks
  An ushabti (Crypt:3)
  A human (D:14)
  A swamp worm (Swamp:1)
  A bush (Lair:5)
  33 fungi
  108 plants
154 creatures vanquished.

Grand Total: 2637 creatures vanquished

Notes
Turn   | Place    | Note
-------+----------+-------------------------------------------
     0 | D:1      | Cauliflower the Gnoll Transmuter began the quest for the
                  | Orb.
     0 | D:1      | Reached XP level 1. HP: 17/17 MP: 6/6
   181 | D:1      | Reached XP level 2. HP: 6/23 MP: 5/7
   184 | D:1      | Learned a level 2 spell: Wereblood
   957 | D:1      | Reached skill level 5 in Spellcasting
   957 | D:1      | Reached XP level 3. HP: 27/28 MP: 7/9
   961 | D:1      | Learned a level 3 spell: Spider Form
  1333 | D:1      | Reached skill level 1 in Invocations
  1714 | D:2      | Reached skill level 1 in Short Blades
  1714 | D:2      | Reached skill level 1 in Long Blades
  1714 | D:2      | Reached skill level 1 in Axes
  1714 | D:2      | Reached skill level 1 in Maces & Flails
  1714 | D:2      | Reached skill level 1 in Polearms
  1714 | D:2      | Reached skill level 1 in Staves
  1714 | D:2      | Reached skill level 1 in Ranged Weapons
  1714 | D:2      | Reached skill level 1 in Throwing
  1714 | D:2      | Reached skill level 1 in Armour
  1714 | D:2      | Reached skill level 1 in Stealth
  1714 | D:2      | Reached skill level 1 in Shields
  1714 | D:2      | Reached skill level 1 in Evocations
  2011 | D:2      | Reached XP level 4. HP: 30/34 MP: 7/11
  2136 | D:2      | Reached skill level 1 in Conjurations
  2136 | D:2      | Reached skill level 1 in Hexes
  2136 | D:2      | Reached skill level 1 in Summonings
  2136 | D:2      | Reached skill level 1 in Necromancy
  2136 | D:2      | Reached skill level 1 in Translocations
  2136 | D:2      | Reached skill level 1 in Fire Magic
  2136 | D:2      | Reached skill level 1 in Ice Magic
  2136 | D:2      | Reached skill level 1 in Air Magic
  2136 | D:2      | Reached skill level 1 in Earth Magic
  2136 | D:2      | Reached skill level 1 in Poison Magic
  2880 | D:3      | Learned a level 4 spell: Ice Form
  3092 | D:3      | Found a sparkling altar of Nemelex Xobeh.
  3145 | D:3      | Noticed Ijyb
  3153 | D:3      | HP: 1/34 [disintegration (14)]
  3155 | D:3      | Killed Ijyb
  3156 | D:3      | Reached XP level 5. HP: 2/41 MP: 9/12
  3721 | D:3      | Found a white marble altar of Elyvilon.
  3729 | D:3      | Became a worshipper of Elyvilon the Healer
  4103 | D:4      | Reached * piety under Elyvilon
  4178 | D:4      | Found a bloodstained altar of Trog.
  4215 | D:4      | Reached XP level 6. HP: 47/47 MP: 8/14
  4262 | D:4      | Found an ornate altar of the Wu Jian Council.
  4276 | D:4      | Reached skill level 2 in Polearms
  4276 | D:4      | Reached skill level 5 in Dodging
  4503 | D:4      | Found a staircase to the Ecumenical Temple.
  4638 | Temple   | Entered the Ecumenical Temple
  4837 | Temple   | Fell from the grace of Elyvilon
  4837 | Temple   | Became a worshipper of Ashenzari the Shackled
  4878 | D:5      | Entered Level 5 of the Dungeon
  4920 | D:5      | Found a snail-covered altar of Cheibriados.
  4967 | D:5      | Learned a level 4 spell: Sticky Flame
  5039 | D:5      | Reached XP level 7. HP: 34/52 MP: 8/15
  5538 | D:6      | Found a hazy altar of Hepliaklqana.
  5577 | D:6      | Identified the cursed +0 sling of Supernal Gnosis {Range,
                  | Alch} (You took it off a goblin on level 4 of the Dungeon)
  5904 | D:6      | Reached skill level 3 in Polearms
  5904 | D:6      | Reached XP level 8. HP: 52/60 MP: 13/16
  5975 | D:6      | Found an opulent altar of Gozag.
  6357 | D:7      | Reached * piety under Ashenzari
  6876 | D:7      | Reached skill level 5 in Transmutations
  7011 | D:7      | Reached ** piety under Ashenzari
  7067 | D:7      | Reached XP level 9. HP: 66/66 MP: 13/18
  7078 | D:7      | Learned a level 4 spell: Dispel Undead
  7109 | D:7      | Reached skill level 4 in Polearms
  7109 | D:7      | Identified the cursed +1 hat of Supernal Knowledge {Range,
                  | Melee} (You found it on level 5 of the Dungeon)
  7458 | D:8      | Found a radiant altar of Vehumet.
  7515 | D:8      | Reached skill level 5 in Fighting
  7701 | D:8      | Noticed Grum
  7709 | D:8      | Killed Grum
  7719 | D:8      | Reached skill level 5 in Invocations
  8397 | D:8      | Noticed a komodo dragon
  8402 | D:8      | Killed a komodo dragon
  8403 | D:8      | Reached skill level 5 in Short Blades
  8403 | D:8      | Reached skill level 5 in Long Blades
  8403 | D:8      | Reached skill level 5 in Axes
  8403 | D:8      | Reached skill level 5 in Maces & Flails
  8403 | D:8      | Reached skill level 5 in Polearms
  8403 | D:8      | Reached skill level 5 in Staves
  8403 | D:8      | Reached skill level 5 in Ranged Weapons
  8403 | D:8      | Reached skill level 5 in Throwing
  8403 | D:8      | Reached skill level 5 in Armour
  8403 | D:8      | Reached skill level 5 in Stealth
  8403 | D:8      | Reached skill level 5 in Shields
  8403 | D:8      | Reached skill level 5 in Evocations
  8403 | D:8      | Reached XP level 10. HP: 77/77 MP: 22/22
  8466 | D:8      | Found a staircase to the Lair.
  8631 | D:9      | Found a blossoming altar of Fedhas.
  8986 | D:9      | Found a staircase to the Orcish Mines.
  8993 | D:9      | Noticed a two-headed ogre
  9007 | D:9      | Killed a two-headed ogre
  9402 | D:9      | Found a runed translucent door.
  9404 | D:9      | Found a basalt altar of Yredelemnul.
 10250 | D:10     | Entered Level 10 of the Dungeon
 11102 | D:10     | Reached skill level 6 in Polearms
 11109 | D:10     | Reached skill level 5 in Conjurations
 11109 | D:10     | Reached skill level 5 in Hexes
 11109 | D:10     | Reached skill level 5 in Summonings
 11109 | D:10     | Reached skill level 5 in Necromancy
 11109 | D:10     | Reached skill level 5 in Translocations
 11109 | D:10     | Reached skill level 5 in Fire Magic
 11109 | D:10     | Reached skill level 5 in Ice Magic
 11109 | D:10     | Reached skill level 5 in Air Magic
 11109 | D:10     | Reached skill level 5 in Earth Magic
 11109 | D:10     | Reached skill level 5 in Poison Magic
 11275 | D:10     | Reached XP level 11. HP: 83/83 MP: 17/22
 12036 | D:10     | Noticed a lindwurm
 12046 | D:10     | Noticed a lindwurm
 12047 | D:10     | Noticed a lindwurm
 12052 | D:10     | Noticed a lindwurm
 12214 | D:10     | Noticed a two-headed ogre
 12219 | D:10     | Killed a two-headed ogre
 12538 | D:10     | Learned a level 3 spell: Teleport Other
 12897 | D:10     | Killed a lindwurm
 13189 | D:10     | Killed a lindwurm
 13459 | D:10     | Killed a lindwurm
 13860 | D:11     | Found a large runed translucent door.
 13863 | D:11     | Noticed Lodul
 13916 | D:10     | Killed a lindwurm
 14436 | D:11     | Learned a level 3 spell: Mephitic Cloud
 14440 | D:11     | Learned a level 3 spell: Ignite Poison
 14532 | D:11     | Noticed a two-headed ogre
 14546 | D:11     | Killed a two-headed ogre
 14863 | D:11     | Reached *** piety under Ashenzari
 14875 | D:11     | Reached skill level 7 in Polearms
 14932 | D:11     | Identified the cursed +1 pair of gloves "Per Aspera Ad
                  | Scientiam" {Cun, Self} (You found it on level 9 of the
                  | Dungeon)
 15090 | D:11     | Found a large runed translucent door.
 15101 | D:11     | Noticed LaMa's ghost (journeyman TrMo)
 15156 | D:11     | Killed Lodul
 15157 | D:11     | Reached XP level 12. HP: 71/95 MP: 4/26
 15701 | D:11     | Gained mutation: Potions are less effective at restoring
                  | your health. [potion of mutation]
 15701 | D:11     | Gained mutation: You are partially covered in iridescent
                  | scales. (AC +2) [potion of mutation]
 15702 | D:11     | Lost mutation: You are partially covered in iridescent
                  | scales. (AC +2) [potion of mutation]
 15702 | D:11     | Lost mutation: Potions are less effective at restoring your
                  | health. [potion of mutation]
 15702 | D:11     | Gained mutation: Your magical capacity is low. (-10% MP)
                  | [potion of mutation]
 15702 | D:11     | Gained mutation: You have sharp fingernails. [potion of
                  | mutation]
 15869 | Lair:1   | Entered Level 1 of the Lair of Beasts
 16132 | Lair:1   | Reached skill level 10 in Unarmed Combat
 16277 | Lair:1   | Reached **** piety under Ashenzari
 16531 | Lair:1   | Noticed a five-headed hydra
 16538 | Lair:1   | Killed a five-headed hydra
 17281 | Lair:2   | Found a hole to the Spider Nest.
 17873 | Lair:2   | Reached skill level 8 in Polearms
 18012 | Lair:2   | Identified the cursed +0 pair of boots "Overhang to
                  | Understand" {Self, Alch} (You found it on level 11 of the
                  | Dungeon)
 18233 | Lair:3   | Found a staircase to the Swamp.
 18266 | Lair:3   | Noticed a seven-headed hydra
 18770 | Orc:1    | Entered Level 1 of the Orcish Mines
 18986 | Orc:1    | Reached XP level 13. HP: 99/99 MP: 2/23
 19333 | Orc:2    | Entered Level 2 of the Orcish Mines
 19337 | Orc:2    | Noticed an orc warlord
 19377 | Orc:2    | Noticed an ettin
 19390 | Orc:1    | Killed an ettin
 19979 | Orc:2    | Noticed an orc warlord
 19984 | Orc:2    | Found a staircase to the Elven Halls.
 20009 | Orc:2    | Killed an orc warlord
 20642 | Orc:2    | Found a flickering gateway to a bazaar.
 20651 | Bazaar   | Entered a bazaar
 20686 | Bazaar   | Found Wowuerow's Jewellery Boutique.
 20695 | Bazaar   | Found Ysuipol's Antique Weapon Shoppe.
 20714 | Bazaar   | Found Mocsudav's Book Emporium.
 20766 | Bazaar   | Found Iteonoce's Weapon Emporium.
 20794 | Bazaar   | Bought the +8 arc blade {discharge, rElec} for 1140 gold
                  | pieces
 20794 | Bazaar   | Found the +8 arc blade {discharge, rElec}
 20956 | Orc:2    | Found a runed translucent gate.
 20956 | Orc:2    | Noticed Zippel's ghost (journeyman KoAr)
 20957 | Orc:2    | Found a runed translucent gate.
 20960 | Orc:1    | Noticed Erica
 20974 | Orc:2    | Killed an orc warlord
 20975 | Orc:2    | Reached skill level 10 in Spellcasting
 20975 | Orc:2    | Found a runed translucent gate.
 21592 | Orc:2    | Killed Zippel's ghost
 21725 | Orc:2    | Learned a level 6 spell: Statue Form
 21781 | Orc:2    | Reached ***** piety under Ashenzari
 21854 | Orc:2    | Identified the cursed quicksilver dragon scales of
                  | Ashenzari's Stickiness {Will+, Range, Self} (You found it
                  | on level 1 of the Lair of Beasts)
 22077 | Orc:2    | Reached skill level 10 in Dodging
 22233 | Orc:2    | Reached skill level 9 in Polearms
 22271 | Orc:1    | Killed Erica
 22753 | Orc:2    | Reached XP level 14. HP: 108/108 MP: 1/25
 22755 | Orc:2    | Reached skill level 10 in Invocations
 22770 | Orc:2    | Found Kegocros's Magic Scroll Shoppe.
 22770 | Orc:2    | Found Ystruq's Antique Weapon Shoppe.
 22771 | Orc:2    | Found Nafiph's Armour Shoppe.
 22771 | Orc:2    | Found Ishruufan's Weapon Emporium.
 22881 | Orc:2    | Bought a scroll of teleportation for 39 gold pieces
 22881 | Orc:2    | Bought a scroll of teleportation for 39 gold pieces
 22881 | Orc:2    | Bought a scroll of teleportation for 39 gold pieces
 22881 | Orc:2    | Bought a scroll of immolation for 52 gold pieces
 23204 | Lair:2   | Lost mutation: You have sharp fingernails. [mutagenic glow]
 23325 | Lair:3   | Noticed Urug
 23331 | Lair:3   | Killed Urug
 24303 | Lair:4   | Reached skill level 10 in Fighting
 24382 | Lair:4   | Found a viscous altar of Jiyva.
 24966 | Lair:4   | Found a staircase to the Slime Pits.
 24990 | Lair:5   | Entered Level 5 of the Lair of Beasts
 25053 | Lair:5   | Reached skill level 10 in Short Blades
 25053 | Lair:5   | Reached skill level 10 in Long Blades
 25053 | Lair:5   | Reached skill level 10 in Axes
 25053 | Lair:5   | Reached skill level 10 in Maces & Flails
 25053 | Lair:5   | Reached skill level 10 in Polearms
 25053 | Lair:5   | Reached skill level 10 in Staves
 25053 | Lair:5   | Reached skill level 10 in Ranged Weapons
 25053 | Lair:5   | Reached skill level 10 in Throwing
 25053 | Lair:5   | Reached skill level 10 in Armour
 25053 | Lair:5   | Reached skill level 10 in Stealth
 25053 | Lair:5   | Reached skill level 10 in Shields
 25053 | Lair:5   | Reached skill level 10 in Evocations
 25129 | Lair:5   | Learned a level 5 spell: Freezing Cloud
 25209 | Lair:5   | Reached XP level 15. HP: 122/122 MP: 23/29
 26034 | Lair:5   | Identified the +4 great sword of Amorality {spect, Int+2}
 26893 | D:12     | Found Uguffoit's Magic Scroll Emporium.
 26922 | D:12     | Bought a scroll of blinking for 97 gold pieces
 26922 | D:12     | Found Pessikuo's Antique Weapon Boutique.
 27067 | D:12     | Found Jaqecian's Jewellery Shoppe.
 27074 | D:12     | Bought the ring "Jonoad" {Contam EV+4 Dex+7} for 625 gold
                  | pieces
 27264 | D:12     | Found Emu Ytan's Assorted Antiques.
 27272 | D:12     | Bought a potion of curing for 105 gold pieces
 27272 | D:12     | Bought a potion of heal wounds for 175 gold pieces
 27295 | D:12     | Identified the +8 whip "Arcanum" {vorpal, rElec Will+++
                  | Str+4}
 27592 | D:13     | Identified a scroll of acquirement
 27594 | D:13     | Noticed Rupert
 27603 | D:13     | Killed Rupert
 27613 | D:13     | Acquired 601 gold pieces
 27661 | D:13     | Learned a level 2 spell: Passwall
 27777 | D:13     | Found a gate to the Vaults.
 27886 | D:13     | Noticed Jorgrun
 27901 | D:13     | Killed Jorgrun
 28476 | Spider:1 | Entered Level 1 of the Spider Nest
 28503 | Spider:1 | Reached skill level 10 in Transmutations
 28553 | Spider:1 | Reached XP level 16. HP: 131/131 MP: 27/30
 28796 | Spider:1 | Learned a level 5 spell: Lightning Bolt
 28802 | Spider:1 | Learned a level 5 spell: Lee's Rapid Deconstruction
 28821 | Spider:1 | Reached skill level 11 in Polearms
 29685 | Spider:1 | Reached ****** piety under Ashenzari
 31330 | Spider:3 | Identified the cursed +0 cloak "Perceptive Portent" {rPois,
                  | Cun, Melee} (You found it on level 9 of the Dungeon)
 31330 | Spider:3 | Identified the cursed +2 buckler of Ashenzari's Servitude
                  | {Elem, Cun} (You took it off a goblin on level 2 of the
                  | Dungeon)
 32029 | Spider:3 | Identified the +10 falchion of Shrieking Terror {venom,
                  | Fly}
 32231 | Spider:4 | Entered Level 4 of the Spider Nest
 32373 | Spider:4 | Noticed Agnes
 32377 | Spider:4 | Reached XP level 17. HP: 140/140 MP: 21/32
 32392 | Spider:4 | Killed Agnes
 32580 | Spider:4 | Reached skill level 10 in Conjurations
 32580 | Spider:4 | Reached skill level 10 in Hexes
 32580 | Spider:4 | Reached skill level 10 in Summonings
 32580 | Spider:4 | Reached skill level 10 in Necromancy
 32580 | Spider:4 | Reached skill level 10 in Translocations
 32580 | Spider:4 | Reached skill level 10 in Fire Magic
 32580 | Spider:4 | Reached skill level 10 in Ice Magic
 32580 | Spider:4 | Reached skill level 10 in Air Magic
 32580 | Spider:4 | Reached skill level 10 in Earth Magic
 32580 | Spider:4 | Reached skill level 10 in Poison Magic
 32769 | Spider:4 | Reached skill level 12 in Polearms
 33497 | Spider:4 | Got a gossamer rune of Zot
 34786 | Swamp:1  | Entered Level 1 of the Swamp
 35218 | Swamp:1  | Identified the +9 falchion of Niruet {flame, Will- Int+2
                  | Stlth+}
 35573 | Swamp:2  | Noticed Gabide's ghost (adept DjWn)
 35573 | Swamp:2  | Found a transporter.
 35577 | Swamp:2  | Reached XP level 18. HP: 149/149 MP: 28/34
 35578 | Swamp:2  | Noticed a tentacled monstrosity
 35583 | Swamp:2  | Identified the +8 long sword of Hunkos {drain, rPois rF+
                  | rC+}
 36036 | Swamp:2  | Found a transporter.
 36512 | Swamp:3  | Identified the +7 longbow of Xom, Feeding {freeze, rF+
                  | Str+2}
 37660 | Swamp:4  | Entered Level 4 of the Swamp
 37817 | Swamp:4  | Reached skill level 13 in Polearms
 38377 | Swamp:4  | Got a decaying rune of Zot
 38568 | Swamp:4  | Identified the +7 mace "Witec" {speed, Fly rN+ Int+3}
 39135 | D:14     | Noticed Kirke
 39146 | D:14     | Killed Kirke
 39167 | D:14     | Reached XP level 19. HP: 157/157 MP: 23/35
 39265 | D:14     | Identified the amulet "Menyog" {Will+ Regen+}
 39467 | D:14     | Found the macabre finger necklace {rN+}
 40649 | D:14     | Identified the +8 long sword "Gubuu" {drain, rC+}
 41099 | D:15     | Entered Level 15 of the Dungeon
 41150 | D:15     | Found a frozen archway.
 41183 | IceCv    | Entered an ice cave
 41651 | IceCv    | Noticed a golden dragon
 41663 | IceCv    | Killed a golden dragon
 41669 | IceCv    | Identified an amulet of Qiwkome {Spirit Str+4 Stlth-}
 41670 | IceCv    | Identified the ring "Roofrom" {Fly rC+ rN+ AC+4}
 41858 | D:15     | Found Imegroass's Antique Armour Emporium.
 41946 | D:12     | Bought 3 scrolls of enchant armour for 292 gold pieces
 41946 | D:12     | Bought a scroll of teleportation for 39 gold pieces
 41946 | D:12     | Bought a scroll of teleportation for 39 gold pieces
 42724 | D:11     | Killed LaMa's ghost
 43615 | D:15     | Noticed Roxanne
 43636 | D:15     | Killed Roxanne
 43802 | D:15     | Found a staircase to the Depths.
 44128 | Vaults:1 | Entered Level 1 of the Vaults
 44143 | Vaults:1 | Reached skill level 15 in Unarmed Combat
 44158 | Vaults:1 | Acquired the amulet of Nyxkilui {Acrobat rC+ Str+4}
 44633 | Vaults:1 | Reached skill level 15 in Invocations
 44732 | Vaults:1 | Reached XP level 20. HP: 166/166 MP: 12/36
 44947 | Vaults:1 | Found Kuuh's Antique Armour Shop.
 45028 | Vaults:1 | Reached skill level 14 in Polearms
 45448 | Vaults:1 | Found a transporter.
 45460 | Vaults:1 | Found a transporter.
 45460 | Vaults:1 | Identified the +1 plate armour of Catatonia {rPois rC+
                  | Str-4 SInv}
 45504 | Vaults:1 | Reached skill level 15 in Spellcasting
 45777 | Vaults:2 | Found Kyesy's Armour Shop.
 45890 | Vaults:2 | Found a magical portal.
 45896 | WizLab   | Entered Maxwell's Workshop
 45953 | WizLab   | Reached skill level 15 in Dodging
 46181 | WizLab   | Identified the ring "Inimou Fiunn" {Ice rN+ Str-2 Int-2
                  | Dex+7}
 46397 | WizLab   | Identified the ring of Linearity {Fire rElec MP+9}
 46534 | WizLab   | Identified the +1 whip "Woseput" {protect, Will+}
 46577 | WizLab   | Noticed an electric golem
 46612 | WizLab   | Killed an electric golem
 47193 | Vaults:2 | Reached XP level 21. HP: 174/174 MP: 34/38
 47634 | Vaults:2 | Found a staircase to the Crypt.
 47780 | Vaults:2 | Reached skill level 15 in Fighting
 48490 | Elf:1    | Entered Level 1 of the Elven Halls
 48936 | Elf:1    | Identified the Vellum of Attacks
 49390 | Elf:2    | Identified the +3 scale mail of the Iron Devil {rElec Str+2
                  | Slay+3}
 49394 | Elf:2    | Found Bait's Assorted Antiques.
 49938 | Elf:2    | Reached skill level 15 in Short Blades
 49938 | Elf:2    | Reached skill level 15 in Long Blades
 49938 | Elf:2    | Reached skill level 15 in Axes
 49938 | Elf:2    | Reached skill level 15 in Maces & Flails
 49938 | Elf:2    | Reached skill level 15 in Polearms
 49938 | Elf:2    | Reached skill level 15 in Staves
 49938 | Elf:2    | Reached skill level 15 in Ranged Weapons
 49938 | Elf:2    | Reached skill level 15 in Throwing
 49938 | Elf:2    | Reached skill level 15 in Armour
 49938 | Elf:2    | Reached skill level 15 in Stealth
 49938 | Elf:2    | Reached skill level 15 in Shields
 49938 | Elf:2    | Reached skill level 15 in Evocations
 50159 | Elf:2    | Found a huge runed translucent gate.
 50159 | Elf:2    | Found a huge runed translucent gate.
 50159 | Elf:2    | Found a huge runed translucent gate.
 50159 | Elf:2    | Found a huge runed translucent gate.
 50160 | Elf:2    | Found a huge runed translucent gate.
 50865 | Elf:3    | Entered Level 3 of the Elven Halls
 51311 | Elf:3    | Reached XP level 22. HP: 184/184 MP: 10/40
 51634 | Elf:3    | Identified the +0 rapier "Bagemur" {venom, Int+4}
 51705 | Elf:3    | Identified Sif Muna's Almanac of Sculpting and Death
 51706 | Elf:3    | Identified the +6 arbalest of Eternal Harmony {flame, rPois
                  | Int+2 Stlth+}
 51707 | Elf:3    | Identified Xusaol's Compilation of Topological Jinxing
 51708 | Elf:3    | Identified the ring of Heigaetu {rF+ rN+ Will+ Str+6 Dex+4}
 51709 | Elf:3    | Identified the +6 hand axe of Fyskolu {vorpal, rN++}
 51710 | Elf:3    | Identified the +3 scimitar "Xihulosy" {vorpal, rN+ Dex+5}
 51714 | Elf:3    | Found the +3 greatsling "Punk" {acid, rCorr}
 51720 | Elf:3    | Identified the +2 helmet of the Volcano {rF+}
 51732 | Elf:3    | Identified the ring of Guss {rElec rPois rN++ MP+9 Int-3}
 51732 | Elf:3    | Identified the +4 dire flail "Efikk" {speed, rN+}
 51742 | Elf:3    | Identified the +5 hand axe "Vyitt" {speed, Will- rCorr
                  | Int-5 Dex+8}
 53120 | Elf:3    | Identified an amulet of Amoomit {Spirit +Blink Dex+2}
 53122 | Elf:3    | Identified the amulet "Gelyanogg" {Acrobat rElec rPois}
 53129 | Elf:3    | Found the +12 glaive of Prune {vorpal}
 53129 | Elf:3    | Identified the +11 short sword of the Thieving Messenger
                  | {spect, Int+4}
 54470 | Vaults:3 | Learned a level 1 spell: Shock
 54477 | Vaults:3 | Learned a level 5 spell: Yara's Violent Unravelling
 54487 | Vaults:3 | Learned a level 6 spell: Death Channel
 55708 | Vaults:4 | Found a flickering gateway to a bazaar.
 55717 | Bazaar   | Entered a bazaar
 55717 | Bazaar   | Found Niddits's Antique Armour Shop.
 55717 | Bazaar   | Found Qiguf's General Store.
 55717 | Bazaar   | Found Uroc's Book Emporium.
 55732 | Bazaar   | Bought a potion of resistance for 90 gold pieces
 55732 | Bazaar   | Bought 2 potions of curing for 54 gold pieces
 55732 | Bazaar   | Bought a potion of mutation for 72 gold pieces
 55745 | Bazaar   | Bought a book of the Dragon for 920 gold pieces
 55748 | Bazaar   | Found Leadd's Antique Weapon Boutique.
 55756 | Bazaar   | Found Puxumm's Distillery.
 55790 | Bazaar   | Bought a potion of curing for 30 gold pieces
 55790 | Bazaar   | Bought a potion of haste for 100 gold pieces
 55790 | Bazaar   | Bought a potion of haste for 100 gold pieces
 55790 | Bazaar   | Bought a potion of curing for 30 gold pieces
 55802 | Bazaar   | Bought a manual of Polearms for 1600 gold pieces
 55923 | Vaults:4 | Reached skill level 16 in Polearms
 56150 | Vaults:4 | Reached XP level 23. HP: 190/190 MP: 9/41
 57318 | Vaults:5 | Entered Level 5 of the Vaults
 57482 | Vaults:5 | Noticed Bai Suzhen
 57572 | Vaults:4 | Killed Bai Suzhen
 57586 | Vaults:5 | Reached skill level 17 in Polearms
 58355 | Vaults:5 | Noticed a golden dragon
 58371 | Vaults:5 | Killed a golden dragon
 58376 | Vaults:5 | Reached XP level 24. HP: 187/200 MP: 41/41
 58636 | Vaults:5 | Found Kopt's Antique Armour Boutique.
 58858 | Vaults:5 | Identified the +10 dagger of Uncomfortable Rashes {freeze,
                  | rF- rC+ rN+ SInv}
 58990 | Vaults:5 | Found Wiasulim's Jewellery Shop.
 58998 | Vaults:5 | Found Fogefo's Distillery.
 59013 | Vaults:5 | Noticed Mara
 59018 | Vaults:5 | Noticed Cauliflower's illusion
 59261 | Vaults:5 | Noticed Cauliflower's illusion
 59291 | Vaults:5 | Killed Mara
 59393 | Vaults:5 | Got a silver rune of Zot
 59405 | Vaults:5 | Found Doepepp's Distillery.
 59415 | Vaults:5 | Noticed Margery
 59432 | Vaults:5 | Killed Margery
 59502 | Vaults:5 | Found Gulyplemn's Distillery.
 59541 | Vaults:5 | Found Agrenoli's Magic Scroll Boutique.
 59561 | Vaults:5 | Found Kesmul's Magic Scroll Shop.
 59580 | Vaults:5 | Noticed an ancient lich
 59589 | Vaults:5 | Killed an ancient lich
 60027 | Depths:1 | Entered Level 1 of the Depths
 60039 | Depths:1 | Reached skill level 18 in Polearms
 60092 | Depths:1 | Identified the cursed +2 pair of gloves "Lashed
                  | Awkwardness" {hurl, Self, Elem} (You found it on level 1 of
                  | the Vaults)
 60864 | Depths:1 | Lost mutation: Your magical capacity is low. (-10% MP)
                  | [potion of mutation]
 60864 | Depths:1 | Gained mutation: You passively dampen the noise of your
                  | surroundings. [potion of mutation]
 60864 | Depths:1 | Gained mutation: Your mind is acute. (Int +4, Str/Dex -1)
                  | [potion of mutation]
 60864 | Depths:1 | Gained mutation: Your magical capacity is low. (-10% MP)
                  | [potion of mutation]
 60942 | Depths:1 | Found a gateway to Hell.
 60948 | Depths:1 | Noticed Sojobo
 60956 | Depths:1 | Killed Sojobo
 61150 | Depths:1 | Reached skill level 15 in Transmutations
 61153 | Depths:1 | Learned a level 2 spell: Blink
 61159 | Depths:1 | Learned a level 5 spell: Manifold Assault
 61722 | Depths:1 | Found a one-way gate leading to the halls of Pandemonium.
 61880 | Depths:1 | Found a corrupted altar of Lugonu.
 61881 | Depths:1 | Found a one-way gate to the infinite horrors of the Abyss.
 62128 | Depths:2 | Found Ikot's Book Boutique.
 62244 | Depths:2 | Noticed a caustic shrike
 62253 | Depths:2 | Reached XP level 25. HP: 208/208 MP: 29/42
 62372 | Depths:2 | Identified the ring of Light {rElec rCorr Str+6 Int+7}
 62372 | Depths:2 | Identified the ring of Xopat {rF+ Int+6}
 62648 | Depths:2 | Identified the Writings on the Crypt and Execration
 63226 | Depths:2 | Found Miul's Jewellery Emporium.
 63227 | Depths:2 | Found Ytaeci's Book Boutique.
 63232 | Depths:2 | Bought a book of Alchemy for 364 gold pieces
 63232 | Depths:2 | Bought an Inescapable Atlas for 442 gold pieces
 63236 | Depths:2 | Bought the Unrestrained Analects for 616 gold pieces
 63739 | Depths:2 | Reached skill level 19 in Polearms
 64128 | Crypt:1  | Entered Level 1 of the Crypt
 64312 | Crypt:1  | Reached skill level 15 in Conjurations
 64312 | Crypt:1  | Reached skill level 15 in Hexes
 64312 | Crypt:1  | Reached skill level 15 in Summonings
 64312 | Crypt:1  | Reached skill level 15 in Necromancy
 64312 | Crypt:1  | Reached skill level 15 in Translocations
 64312 | Crypt:1  | Reached skill level 15 in Fire Magic
 64312 | Crypt:1  | Reached skill level 15 in Ice Magic
 64312 | Crypt:1  | Reached skill level 15 in Air Magic
 64312 | Crypt:1  | Reached skill level 15 in Earth Magic
 64312 | Crypt:1  | Reached skill level 15 in Poison Magic
 65960 | Crypt:2  | Noticed Donald
 65971 | Crypt:2  | Killed Donald
 66668 | Crypt:3  | Entered Level 3 of the Crypt
 67590 | Crypt:3  | Reached XP level 26. HP: 218/218 MP: 20/42
 67907 | Crypt:3  | Found a basalt altar of Yredelemnul.
 67909 | Crypt:3  | Found an ancient bone altar of Kikubaaqudgha.
 67909 | Crypt:3  | Noticed a dread lich
 67916 | Crypt:3  | Killed a dread lich
 67935 | Crypt:3  | Identified Ludwos's Guide on the Grave
 67936 | Crypt:3  | Identified the +4 falchion of Extermination {freeze, rC+
                  | Will+ Dex+4}
 67937 | Crypt:3  | Identified the ring "Nelaegoff" {rC+ Will+ Str+6 Int+2}
 67937 | Crypt:3  | Identified the +9 shortbow of Sim Xomu {speed, rN+ Str+6}
 67987 | Crypt:3  | Identified the +0 chain mail of the Eternal Void {Int+3
                  | Stlth+}
 67989 | Crypt:3  | Identified the Vademecum on Damaging Heat
 68026 | Crypt:3  | Reached skill level 20 in Polearms
 68318 | Crypt:3  | Found a staircase to the Tomb.
 69179 | Depths:3 | Found a shadowy altar of Dithmenos.
 70019 | Depths:3 | Learned a level 4 spell: Petrify
 70291 | Depths:4 | Entered Level 4 of the Depths
 70291 | Depths:4 | Found a one-way gateway to a ziggurat.
 70296 | Depths:4 | Paralysed by a floating eye for 2 turns
 70299 | Depths:4 | Paralysed by a floating eye for 4 turns
 70417 | Zig:1    | Entered Level 1 of a ziggurat
 70449 | Zig:2    | Entered Level 2 of a ziggurat
 70484 | Zig:3    | Entered Level 3 of a ziggurat
 70571 | Zig:4    | Entered Level 4 of a ziggurat
 70574 | Zig:4    | Noticed a royal mummy
 70587 | Zig:4    | Killed a royal mummy
 70673 | Zig:5    | Entered Level 5 of a ziggurat
 70678 | Zig:5    | Identified the +8 tower shield "Homomor" {Fly rF+ Stlth-}
 70678 | Zig:5    | Identified the +7 arbalest of Jaef {flame, rF++ Str+4
                  | Dex-5}
 70679 | Zig:5    | Found the necklace of Bloodlust {*Rage Will++ Int-3 Slay+6}
 70871 | Zig:6    | Entered Level 6 of a ziggurat
 70896 | Zig:6    | Identified the Disquisition on Numb Clay
 71008 | Zig:7    | Entered Level 7 of a ziggurat
 71034 | Zig:7    | Found the ring of Shadows {Umbra +Inv Stlth+}
 71041 | Zig:7    | Reached skill level 21 in Polearms
 71041 | Zig:7    | Reached XP level 27. HP: 231/231 MP: 5/44
 71180 | Zig:8    | Entered Level 8 of a ziggurat
 71289 | Zig:9    | Entered Level 9 of a ziggurat
 71296 | Zig:9    | Identified the +7 shortbow "Imp's Regret" {vorpal, rPois
                  | rF+ Will+}
 71299 | Zig:9    | Identified the +7 spear "Ybaboro" {freeze, Fragile Will+
                  | rCorr Str+2}
 71327 | Zig:9    | Found the +3 robe of Clouds {*Thunder rCloud rElec}
 71390 | Zig:10   | Entered Level 10 of a ziggurat
 71512 | Zig:11   | Entered Level 11 of a ziggurat
 71523 | Zig:11   | Identified the +1 spear of Qawiowk {vorpal, Int+2}
 71657 | Zig:12   | Entered Level 12 of a ziggurat
 71727 | Zig:12   | HP: 10/363 [bone dragon (14)]
 71735 | Zig:12   | HP: 11/363 [bone dragon (3)]
 71738 | Zig:12   | HP: 3/363 [bone dragon (10)]
 71741 | Zig:12   | HP: 1/363 [bone dragon (3)]
 71743 | Zig:12   | Identified the +2 trident of the Noxious God {freeze,
                  | *Noise rPois rF+ Stlth+}
 71743 | Zig:12   | Identified the Writings on the Inferno
 71743 | Zig:12   | Identified the Atlas of Beckoning and Translocation
 71743 | Zig:12   | Identified the +5 rapier "Brush" {flame, Int+3 Dex+2}
 71929 | Depths:4 | Found a gate to the Realm of Zot.
 71995 | Depths:4 | Learned a level 7 spell: Storm Form
 72260 | Depths:4 | Noticed Louise
 72264 | Depths:4 | Killed Louise
 73179 | Slime:1  | Entered Level 1 of the Pits of Slime
 73482 | Slime:1  | Reached skill level 22 in Polearms
 74453 | Slime:3  | Gained mutation: Your muscles are strong. (Str +4, Int/Dex
                  | -1) [a shining eye]
 74850 | Slime:3  | Gained mutation: Potions are less effective at restoring
                  | your health. [a shining eye]
 74855 | Slime:3  | Lost mutation: Potions are less effective at restoring your
                  | health. [potion of mutation]
 74855 | Slime:3  | Lost mutation: Your mind is acute. (Int +4, Str/Dex -1)
                  | [potion of mutation]
 74855 | Slime:3  | Lost mutation: Your magical capacity is low. (-10% MP)
                  | [potion of mutation]
 74855 | Slime:3  | Gained mutation: You are clumsy. (Dex -2) [potion of
                  | mutation]
 74855 | Slime:3  | Gained mutation: Your flesh is cold resistant. (rC+)
                  | [potion of mutation]
 74969 | Slime:4  | Noticed Dissolution
 74975 | Slime:4  | Killed Dissolution
 75301 | Slime:4  | Gained mutation: You are frail. (-10% HP) [a shining eye]
 75303 | Slime:4  | Lost mutation: You passively dampen the noise of your
                  | surroundings. [potion of mutation]
 75303 | Slime:4  | Lost mutation: You are clumsy. (Dex -2) [potion of
                  | mutation]
 75303 | Slime:4  | Gained mutation: You have an increased reservoir of magic.
                  | (+10% MP) [potion of mutation]
 75303 | Slime:4  | Gained mutation: You possess an exceptional clarity of
                  | mind. [potion of mutation]
 75303 | Slime:4  | Lost mutation: You possess an exceptional clarity of mind.
                  | [potion of mutation]
 76056 | Slime:5  | Entered Level 5 of the Pits of Slime
 76266 | Slime:5  | Noticed the Royal Jelly
 76281 | Slime:5  | HP: 10/200 [azure jelly[the Royal Jelly] (5)]
 76281 | Slime:5  | Slain by an azure jelly

Illustrated notes

Levels and vault maps discovered:
D:1:      kilobyte_arrival_exit_the_forest, layout_rooms, minmay_misc_feat_x,
          grunt_decor_mini_mirrors
D:2:      minmay_door_path, layout_loops_ring
D:3:      layout_loops_ring, nicolae_elyvilon_temple_path,
          lemuel_coloured_pillars_altar, uniq_ijyb
D:4:      layout_basic, overflow_temple_1_default, trog_three_pillars_becter,
          temple_doors_ab
D:5:      layout_rooms, slow_altar_1
D:6:      layout_cave_pools, nicolae_gozag_cash_rules_everything_around_me,
          worldfamousw_hep_ancestral_shrine, nrook_campfire
D:7:      layout_loops_corners, chequers_mini_garden
D:8:      layout_cave_pods, vehumet_altar_wand_db, erik_lair_dragon,
          grunt_ministairs_14, bh_walls_and_bars, uniq_grum
D:9:      layout_small_grid, fedhas_altar_4, dk_yredelemnul_ordeal, orc_0_dummy
D:10:     layout_stronghold, hangedman_decor_clover_reticule,
          grunt_decor_arrowhead, minmay_lindwurm_lava
D:11:     layout_grid_maze, ebering_ghost_disaster_area, kennysheep_dice,
          uniq_lodul
D:12:     layout_rooms, serial_shops, nicolae_shop_statue_plus,
          kennysheep_mini_moat, nicolae_shop_crystal,
          nicolae_shop_overgrown_old_shop
D:13:     layout_rooms, david_vaults_1, kennysheep_generic_room_13,
          uniq_jorgrun, uniq_rupert
D:14:     minmay_clustersquares, layout_loops_ring,
          amcnicky_mini_rare_corridor_liquid, uniq_kirke
D:15:     grunt_enter_depths_snipers, layout_layer_cave, serial_shops,
          nicolae_shop_trees, portal_ice_cave_entry_horrid_things,
          chequers_arboretum, uniq_roxanne
Temple:   nicolae_temple_slightly_damp_pantheon
Lair:1:   cheibrodos_lair_river_kwai, layout_hall_layers
Lair:2:   layout_regular_city, nicolae_spider_entry_tight_spaces,
          nicolae_quartered_pool_impasse, serial_bayou_shore_a
Lair:3:   layout_misc_corridors, palyth_hydra_swamp_entry,
          gauntlet_entry_generic, st_stairs_5, uniq_urug
Lair:4:   layout_gridlike, dpeg_slime_entry_enclosed, serial_bayou,
          serial_bayou_ford_a, serial_bayou_lagoon_b, serial_bayou_pond_a,
          serial_bayou_pond_a
Lair:5:   minmay_lair_end_frog_pond, layout_layer_cave
Swamp:1:  layout_basic_swamp, nicolae_swamp_some_circles
Swamp:2:  layout_basic_swamp, gammafunk_ghost_arena, serial_swamp_ruin,
          evilmike_swamp_ruin_house_1, evilmike_swamp_ruin_rubble_1,
          swamp_pool3, hangedman_swamp_ravenous
Swamp:3:  layout_falls_marsh, evilmike_swamp_ruin_house_3, swamp_pool1,
          nicolae_swamp_stuck_in_the_mud
Swamp:4:  swamp_alternative, layout_basic_swamp, swamp_pool5
Spider:1: layout_chambers, hangedman_spider_mandibles
Spider:2: layout_spider_delve
Spider:3: nicolae_spider_hilbert_zone_5 [nicolae_spider_hilbert_3_sides_1_open,
          nicolae_spider_hilbert_4_sides_1_open,
          nicolae_spider_hilbert_4_sides_1_open,
          nicolae_spider_hilbert_6_sides_1_open,
          nicolae_spider_hilbert_6_sides_1_open]
Spider:4: hellmonk_spider_rune_endless_swarm, uniq_agnes
Slime:1:  nicolae_slime_pool, layout_caves, cheibrodos_slime_lost_civilization_5
Slime:2:  layout_caves
Slime:3:  layout_caves, nicolae_slime_round_cave
Slime:4:  layout_caves, nicolae_slime_barrier, dissolution_awaits
Slime:5
Orc:1:    nicolae_orc_accident_2, layout_caves, uniq_erica
Orc:2:    st_orc_pillars, layout_diamond_mine, serial_shops, bzr_entry_lakeside,
          ebering_ghost_rock_garden
Elf:1:    layout_onion_city, minmay_elf_sorcery
Elf:2:    elven_hall_of_blades_hangedman_alternative [nicolae_blade_tridents],
          layout_rooms, serial_shops, nicolae_shop_crystal, hex_tiny,
          minivault_25
Elf:3:    minmay_elf_hall, layout_geoelf_grid, statue_in_the_mist_lemuel
Vaults:1: nicolae_vaults_back_hallway, v_misc_5, nicolae_vaults_alarming,
          hangedman_vaults_locks, v_misc_29, vaults_dpeg_encased_lava,
          nicolae_vaults_little_squares_3, ontoclasm_vaults_ring_small,
          gammafunk_sealed_arena, ontoclasm_vaults_pinch,
          hangedman_vaults_stagger, v_pattern_2, nicolae_vaults_rhombus_5,
          v_misc_13, layout_vaults_ring, serial_shops, shop
Vaults:2: mu_enter_wizlab_2, vaults_room_hallway,
          minmay_crypt_entry_simple_plaza, v_alt_pattern_2,
          nicolae_vaults_inception_corners, v_misc_29, v_misc_32,
          nicolae_vaults_three_branches, nicolae_vaults_what_the_h, v_misc_23,
          vaults_dpeg_ring, layout_vaults_big_cross, serial_shops,
          nicolae_shop_stone
Vaults:3: nicolae_vaults_shelves_hall, nicolae_vaults_rhombus_6, v_misc_13,
          nicolae_vaults_network_quinsquares
          [nicolae_vaults_network_quincunx_subvault,
          nicolae_vaults_network_quincunx_subvault,
          nicolae_vaults_network_quincunx_subvault,
          nicolae_vaults_network_quincunx_subvault], vaults_dpeg_cross,
          hangedman_vaults_impose, ontoclasm_vaults_gateway,
          nicolae_vaults_little_squares_1, vaults_mumra_minichess,
          vaults_room_corners, layout_vaults_omnigrid
Vaults:4: nicolae_vaults_ninety_degrees, nicolae_vaults_quartermaster,
          v_rooms_3, hangedman_vaults_pinch, hangedman_vaults_slice,
          nicolae_vaults_mini_display_case, v_rooms_1, nicolae_vaults_theta,
          serial_ice_g, ontoclasm_vaults_idyll, layout_vaults_big_room,
          serial_shops, bzr_entry_dummy
Vaults:5: uniq_bai_suzhen, uniq_mara, uniq_margery
Crypt:1:  layout_misc_corridors, grunt_crypt_arrival_webbed, grunt_megastairs_3
Crypt:2:  layout_chaotic_city, grunt_ministairs_10, nicolae_crypt_small_crypt,
          uniq_donald
Crypt:3:  lightli_unholy_cathedral, layout_chaotic_city, st_stairs_3
Depths:1: layout_small_grid, hell_entry, nicolae_two_hexagons,
          abyss_entry_flame_altar, grunt_pan_entry_in_and_out, lightli_minifort,
          serial_bayou_shore_b, uniq_sojobo
Depths:2: little_maze_vault, layout_cave_shapes, minmay_misc_feat_alley,
          pf_hell_entry_tar_river, rand_demon_pan_entry_1,
          kennysheep_cross_bottleneck, minivault_14,
          infiniplex_staircase_zigzag_3, minmay_shop_grove
Depths:3: nicolae_hexawheel, layout_cross, abyss_entry, hell_entry,
          grunt_dithmenos_smoke
Depths:4: grunt_zot_entry_funnels, layout_gridlike, enter_ziggurat_c,
          roderic_roman_lattice, nicolae_abyss_entry_one_way_or_another,
          serial_glass, glass_columns_c, glass_columns_c, hell_entry,
          reono_crystal_passage, nicolae_figureground_pulse

Skill      XL: |  1  2  3  4  5  6  7  8  9 10 11 12 13 14 15 16 17 18 19 20 21 22 23 24 25 26 27 |
---------------+----------------------------------------------------------------------------------+-----
Spellcasting   | 5 6 7 8 9 10 11 12 13 14 15 16 17 18 19 20 | 20.1
Invocations    | 1 2 3 4 5 6 7 8 9 10 11 12 13 14 15 16 17 18 19 20 21 | 21.1
Short Blades   | 1 2 3 5 6 7 8 9 10 11 12 13 14 15 16 17 18 19 | 19.5
Long Blades    | 1 2 3 5 6 7 8 9 10 11 12 13 14 15 16 17 18 19 | 19.5
Axes           | 1 2 3 5 6 7 8 9 10 11 12 13 14 15 16 17 18 19 | 19.5
Maces & Flails | 1 2 3 5 6 7 8 9 10 11 12 13 14 15 16 17 18 19 | 19.5
Polearms       | 1 2 3 5 6 7 8 9 10 11 12 13 14 15 16 17 18 19 21 22 | 22.5
Staves         | 1 2 3 5 6 7 8 9 10 11 12 13 14 15 16 17 19 20 | 20.9
Ranged Weapons | 1 2 3 5 6 7 8 9 10 11 12 13 14 15 16 17 18 19 | 19.5
Throwing       | 1 2 3 5 6 7 8 9 10 11 12 13 14 15 16 17 18 19 | 19.5
Armour         | 1 2 3 5 6 7 8 9 10 11 12 13 14 15 16 17 18 19 | 19.5
Stealth        | 1 2 3 5 6 7 8 9 10 11 12 13 14 15 16 17 18 19 | 19.5
Shields        | 1 2 3 5 6 7 8 9 10 11 12 13 14 15 16 17 18 19 | 19.5
Evocations     | 1 2 3 5 6 7 8 9 10 11 12 13 14 15 16 17 18 19 | 19.5
Conjurations   | 1 2 3 4 5 6 7 8 9 10 11 12 13 14 15 16 | 16.7
Hexes          | 1 2 3 4 5 6 7 8 9 10 11 12 13 14 15 16 | 16.7
Summonings     | 1 2 3 4 5 6 7 8 9 10 11 12 13 14 15 16 | 16.7
Necromancy     | 1 2 3 4 5 6 7 8 9 10 11 12 13 14 15 16 | 16.7
Translocations | 1 2 3 4 5 6 7 8 9 10 11 12 13 14 15 16 | 16.7
Fire Magic     | 1 2 3 4 5 6 7 8 9 10 11 12 13 14 15 16 | 16.7
Ice Magic      | 1 2 3 4 5 6 7 8 9 10 11 12 13 14 15 16 | 16.7
Air Magic      | 1 2 3 4 5 6 7 8 9 10 11 12 13 14 15 16 | 16.7
Earth Magic    | 1 2 3 4 5 6 7 8 9 10 11 12 13 14 15 16 | 16.7
Poison Magic   | 1 2 3 4 5 6 7 8 9 10 11 12 13 14 15 16 | 16.7
Fighting       | 3 4 5 6 7 8 9 10 11 12 13 14 15 16 17 18 19 | 19.7
Transmutations | 4 5 6 7 8 9 10 11 12 13 14 15 16 17 | 17.1
Dodging        | 5 6 7 8 9 10 11 12 13 14 15 16 17 18 19 20 | 20.0
Unarmed Combat | 7 8 9 10 11 12 13 14 15 16 17 18 19 20 | 20.4

Action                   |  1- 3 |  4- 6 |  7- 9 | 10-12 | 13-15 | 16-18 | 19-21 | 22-24 | 25-27 || total
-------------------------+-------+-------+-------+-------+-------+-------+-------+-------+-------++-------
Melee: Unarmed           |    93 |   116 |   208 |   395 |   192 |       |       |       |   216 ||  1220
       Headbutt          |     5 |     1 |       |       |       |       |       |       |       ||     6
       Kick              |    15 |     2 |       |       |       |       |       |       |       ||    17
       Bite              |     6 |     5 |       |       |    46 |   114 |   158 |   188 |   204 ||   721
       Punch             |     3 |     2 |       |       |       |       |       |       |    49 ||    54
       Rapier            |       |       |       |       |   545 |   755 |   955 |   993 |   983 ||  4231
 Fire: Sling             |       |    21 |    48 |    91 |    10 |       |       |       |       ||   170
 Cast: Beastly Appendage |    21 |     5 |       |       |       |       |       |       |       ||    26
       Spider Form       |     2 |    11 |    22 |    18 |     6 |       |       |       |       ||    59
       Wereblood         |       |     1 |     2 |     9 |     9 |     9 |    18 |    15 |    15 ||    78
       Ice Form          |       |     2 |     7 |    38 |     8 |     1 |       |       |       ||    56
       Dispel Undead     |       |       |       |     2 |     2 |     5 |    10 |     6 |    15 ||    40
       Mephitic Cloud    |       |       |       |    19 |    45 |    13 |    20 |    27 |    12 ||   136
       Teleport Other    |       |       |       |     8 |     3 |       |       |       |       ||    11
       Ignite Poison     |       |       |       |    15 |    34 |    12 |     8 |    15 |    12 ||    96
       Sticky Flame      |       |       |       |     4 |    10 |    12 |     7 |     2 |     5 ||    40
       Statue Form       |       |       |       |       |    57 |    79 |    95 |    72 |    62 ||   365
       Freezing Cloud    |       |       |       |       |     7 |    55 |    46 |    27 |    33 ||   168
       Passwall          |       |       |       |       |     2 |    10 |     4 |     2 |     5 ||    23
       Lightning Bolt    |       |       |       |       |       |    24 |     9 |     6 |     8 ||    47
       Lee's Rapid Decon |       |       |       |       |       |    11 |    38 |    11 |    64 ||   124
       Death Channel     |       |       |       |       |       |       |       |    15 |    18 ||    33
       Yara's Violent Un |       |       |       |       |       |       |       |    10 |    15 ||    25
       Blink             |       |       |       |       |       |       |       |       |    11 ||    11
       Petrify           |       |       |       |       |       |       |       |       |     1 ||     1
       Storm Form        |       |       |       |       |       |       |       |       |    26 ||    26
Invok: Curse Item        |       |       |     4 |     4 |     3 |     2 |     3 |     2 |     1 ||    19
       Shatter the Chain |       |       |       |     1 |     2 |       |     3 |     4 |       ||    10
 Abil: End Transformatio |       |       |     1 |     4 |     2 |     1 |       |     1 |     1 ||    10
       Blinkbolt         |       |       |       |       |       |       |       |       |     8 ||     8
Evoke: Wand              |       |       |       |     1 |     1 |     3 |     1 |     2 |     2 ||    10
       Lightning rod     |       |       |       |       |       |     1 |       |       |       ||     1
       Phantom mirror    |       |       |       |       |       |       |       |     1 |     1 ||     2
       Phial of floods   |       |       |       |       |       |       |       |       |     1 ||     1
  Use: Scroll            |       |       |     6 |     5 |     3 |       |     5 |     3 |     5 ||    27
       Potion            |       |       |     1 |     3 |     1 |       |     1 |     6 |     7 ||    19
 Stab: Sleeping          |     2 |     3 |     4 |     4 |    13 |    13 |    48 |    18 |    57 ||   162
       Confused          |       |       |       |     2 |    11 |     6 |    10 |     8 |     1 ||    38
       Invisible         |       |       |       |       |     2 |       |       |       |       ||     2
       Distracted        |       |       |       |       |     1 |     3 |     4 |     2 |     4 ||    14
       Held in net/web   |       |       |       |       |       |     1 |       |       |       ||     1
       Petrified         |       |       |       |       |       |       |       |       |     1 ||     1
Armor: Robe              |     8 |       |       |       |       |       |       |       |       ||     8
       Leather armour    |     8 |     8 |       |       |       |       |       |       |       ||    16
       Skin              |       |     7 |    46 |    94 |   195 |   286 |   292 |   524 |   607 ||  2051
       Acid dragon scale |       |       |       |     8 |       |       |       |       |       ||     8
       Quicksilver drago |       |       |       |       |    25 |     3 |     2 |    19 |    27 ||    76
Dodge: Dodged            |    47 |    73 |   188 |   424 |   616 |   932 |   937 |  1085 |  1391 ||  5693
Block: Buckler           |       |     6 |     1 |     5 |   391 |   836 |   606 |   765 |   280 ||  2890
       Other             |       |       |       |    36 |    48 |       |       |       |       ||    84
       Reflection        |       |       |       |       |    13 |     9 |       |       |    20 ||    42
       Kite shield       |       |       |       |       |       |       |       |       |  1042 ||  1042
